 Seeded DCSS version 0.28.0-62-gf88900778d (webtiles) character file.

Game seed: 13591998346360536447 (custom seed)

84 Psyclone the Conjurer (level 4, -3/24 HPs)
             Began as a Deep Elf Conjurer on Oct 17, 2023.
             Slain by Edmund
             ... wielding a +3 flail of holy wrath
              (10 damage)
             ... on level 5 of the Dungeon.
             The game lasted 00:01:37 (864 turns).

Psyclone the Conjurer (Deep Elf Conjurer)            Turns: 864, Time: 00:01:37

Health: -3/24      AC:  2    Str:  4    XL:     4   Next: 24%
Magic:  7/10       EV: 12    Int: 25    God:
Gold:   53         SH:  0    Dex: 13    Spells: 6/9 levels left

rFire   . . .      SeeInvis .   b - +0 dagger
rCold   . . .      Faith    .   (no shield)
rNeg    . . .      Spirit   .   a - +0 robe
rPois   .          Reflect  .   (no helmet)
rElec   .          Harm     .   (no cloak)
rCorr   .          Rampage  .   (no gloves)
Will    .....                   (no boots)
Stlth   ++........              (no amulet)
HPRegen 0.08/turn               (no ring)
MPRegen 0.12/turn               (no ring)

@: no status effects
A: no striking features
a: no special abilities


You were on level 5 of the Dungeon.
You visited 1 branch of the dungeon, and saw 5 of its levels.

You collected 53 gold pieces.

Inventory:

Hand Weapons
 b - a +0 dagger (weapon)
Armour
 a - a +0 robe (worn)
Scrolls
 c - 4 scrolls of acquirement
 d - 3 scrolls of identify {@r1}


   Skills:
 - Level 2.4 Dodging
 - Level 2.4 Stealth
 - Level 3.0 Spellcasting
 + Level 6.3 Conjurations


You had 6 spell levels left.
You knew the following spells:

 Your Spells              Type           Power      Damage    Failure   Level
a - Magic Dart            Conj           100%       1d8       1%          1
b - Searing Ray           Conj           70%        2d7       1%          2

Your spell library contained the following spells:

 Spells                   Type           Power      Damage    Failure   Level
 Static Discharge         Conj/Air       19%        N/A       4%          2
 Dazzling Flash           Conj/Hex       38%        N/A       9%          3
 Fulminant Prism          Conj/Hex       9%         3d7       26%         4
 Iskenderun's Mystic Bla  Conj/Tloc      19%        2d6       26%         4
 Sticky Flame             Conj/Fire      19%        2d4       26%         4
 Dispel Undead            Necr           3%         3d7       69%         4


Dungeon Overview and Level Annotations

Branches:
Dungeon (5/15)
 Temple: D:4-7

Altars:
The Shining One

Annotations:
D:5 Edmund, Ijyb


Message History

Confirm with . or Enter, or press ? or * to list all spells.
You don't have enough magic to cast this spell.
Unknown command.
You hit the hound skeleton but do no damage.
The hound skeleton is almost destroyed.
The hound skeleton closely misses you.
You hit the hound skeleton.
You destroy the hound skeleton!
You start resting.
HP restored.
Health restored: 24 You regained 7 mp, and now have 8/10 mp.
You start resting.
Magic restored.
MP restored: 10
There is a stone staircase leading down here.
There is a stone staircase leading down here.
You climb downwards.
Level annotation: Edmund, Ijyb
There is a stone staircase leading up here.
You see here 9 gold pieces.
Edmund shouts!
You hear a shout!
You hear an angry hiss.
Edmund hits you with a +3 flail of holy wrath!
There is a stone staircase leading up, spattered with blood here.
You take 8 damage, and have 16/24 hp.
MASSIVE DAMAGE!!
Casting: Magic Dart (safe; 1% risk of failure)
Confirm with . or Enter, or press ? or * to list all spells.
Aiming: Searing Ray (safe; 1% risk of failure)
Press: ? - help, Shift-Dir - straight line, f - Edmund
Aim: Edmund, wielding a +3 flail of holy wrath and wearing a +1 chain mail of willpower (86% to hit)
The searing ray hits Edmund but does no damage. (Press . to maintain the ray.)
An ogre comes into view. It is wielding a +0 giant club.
Edmund hits you with a +3 flail of holy wrath!
* * * LOW HITPOINT WARNING * * *
You take 9 damage, and have 7/24 hp.
MASSIVE DAMAGE!!
You now have 8/10 mp.
The searing ray hits Edmund.
Edmund is lightly wounded.
Edmund hits you with a +3 flail of holy wrath!
You die...

#...........#
#.###########
#......#
######.# #.#
#.# #.# #.#
#@# #@# . #.#
$.. #.#
..<..###O#
...[..)..#
....###### .


You could see Edmund and an ogre.

Vanquished Creatures
  An orc wizard (D:5)
  2 hound skeletons (D:4)
  An adder (D:4)
  2 adder skeletons (D:4)
  A worm (D:2)
  An orc (D:5)
  2 endoplasms
  A giant cockroach (D:4)
  3 jackals (D:1)
  A kobold (D:1)
  2 ball pythons
  3 rats
20 creatures vanquished.

Notes
Turn   | Place    | Note
-------+----------+-------------------------------------------
     0 | D:1      | Psyclone the Deep Elf Conjurer began the quest for the Orb.
     0 | D:1      | Reached XP level 1. HP: 10/10 MP: 6/6
   178 | D:2      | Reached XP level 2. HP: 15/15 MP: 6/8
   181 | D:2      | Learned a level 2 spell: Searing Ray
   211 | D:2      | Reached skill level 5 in Conjurations
   273 | D:2      | Identified 3 scrolls of acquirement
   286 | D:3      | Found a glowing golden altar of the Shining One.
   344 | D:5      | Entered Level 5 of the Dungeon
   376 | D:5      | Noticed Edmund
   377 | D:5      | Noticed Ijyb
   378 | D:5      | Reached XP level 3. HP: 9/19 MP: 3/9
   557 | D:4      | Reached skill level 6 in Conjurations
   700 | D:4      | Reached XP level 4. HP: 18/24 MP: 1/10
   863 | D:5      | Noticed an ogre
   864 | D:5      | Slain by Edmund

Illustrated notes

Levels and vault maps discovered:
D:1:      wander_arrival_fairy_ring, layout_basic, chequers_serial_rivers_room_a
D:2:      layout_loops_ring, shapermc_ecumenical_altar_venn, uniq_natasha
D:3:      layout_loops_ring, mainiacjoe_overflow_chevrons,
          gammafunk_ghost_arena, hangedman_glass_teeth
D:4:      layout_basic, nicolae_hepliaklqana_monster_ancestors,
          due_unseen_surprise
D:5:      layout_basic, lemuel_doored_altar, overflow_temple_1_default,
          amethyst_overflow_temple_binary, minmay_manual_mess, uniq_ijyb,
          uniq_edmund, uniq_sigmund, uniq_menkaure

Skill      XL: |  1  2  3 |
---------------+----------+-----
Conjurations   | 5 6 |  6.3
Dodging        | |  2.4
Stealth        | |  2.4
Spellcasting   | |  3.0

Action                   |  1- 3 |  4- 6 || total
-------------------------+-------+-------++-------
Melee: Dagger            |    17 |     2 ||    19
 Cast: Magic Dart        |    21 |     4 ||    25
       Searing Ray       |     7 |     1 ||     8
  Use: Scroll            |     1 |       ||     1
Armor: Robe              |     7 |       ||     7
Dodge: Dodged            |    26 |     2 ||    28
